Unix NetHack Version 5.0.0-0 post-release - last build Jun 10 2026 00:39:30 (3ee93aec679c4c4259841fe613dc97188e26a321,branch:main).

Game began 2026-06-18 14:57:26, ended 2026-06-18 15:27:42.

GdeVolpiano, neutral male human Archeologist

                           .......
                           -.......
                           |.^--...
                    -----  -----<....
                    -@....   ...)....
                    .h..)--  ----...-
                       ...|    |....
                        -.|  ---...
                        |.-- |....
                        |... -..-
                       ---.....-
                       |.......|
                       |....----
                       ------

GdeVolpiano the Field Worker  St:15 Dx:12 Co:16 In:12 Wi:15 Ch:10  Neutral
Dlvl:5  $:0  HP:0(29) Pw:19(19) AC:2  Xp:4 T:3129 

Latest messages:
 You are still in a pit.
 You hear an F sharp squeak in the distance.
 You crawl to the edge of the pit.
 You hear crashing rock.
 It smiles at the gnome seductively.
 It steals a bow from the gnome!
 It hits the gnome.
 It hits the gnome.
 The gnome misses it.
 The gnome hits!
 You hit the gnome.
 It smiles at the gnome seductively.
 It hits the gnome.
 It hits the gnome.
 The gnome misses it.
 You hit the gnome.
 It smiles at the gnome seductively.
 It hits the gnome.
 The gnome is killed!
 You see here 13 arrows.
 You hear crashing rock.
 You hear some noises in the distance.
 You are hit by a dagger.
 The dwarf hits!
 You miss the dwarf.
 You miss the dwarf.
 The dwarf hits!
 You hit the dwarf.
 The dwarf misses!
 You miss the dwarf.
 The dwarf hits!
 You hit the dwarf.
 You hit the dwarf.
 The dwarf misses!
 You miss the dwarf.
 The dwarf hits!
 You miss the dwarf.
 The dwarf hits!
 You miss the dwarf.
 The dwarf hits!
 You miss the dwarf.
 What do you want to wield? [- aekPQ or ?*]
 a - a +2 bullwhip (weapon in right hand).
 You miss the dwarf.
 You lash the dwarf.
 You lash the dwarf.
 The dwarf hits!
 You die...
 Do you want your possessions identified? [ynq] (y)
 Do you want to see your attributes? [ynq] (y)

Inventory:
 Weapons  (')')
  P - a blessed +1 dart
  k - a +0 orcish dagger
  Q - a +0 aklys
  a - a +2 bullwhip (weapon in right hand)
 Armor    ('[')
  c - an uncursed +0 fedora (being worn)
  S - an uncursed +0 pair of iron shoes (being worn)
  n - an uncursed +0 shield of shock resistance (being worn)
  T - an uncursed +0 dwarvish cloak (being worn)
  A - a blessed +3 leather armor (being worn)
 Comestibles  ('%')
  K - 2 uncursed cram rations
  d - 2 uncursed food rations
 Scrolls  ('?')
  s - a blessed scroll of amnesia
  I - an uncursed scroll of amnesia
  l - 3 uncursed scrolls of enchant armor
  V - an uncursed scroll of fire
  v - a cursed scroll of food detection
  W - 3 uncursed scrolls of identify
  o - an uncursed scroll of light
  u - an uncursed scroll of remove curse
  t - an uncursed scroll of teleportation
 Potions  ('!')
  B - an uncursed potion of confusion
  C - a cursed potion of hallucination
  U - a blessed potion of healing
  z - an uncursed potion of healing
  m - a cursed potion of healing
 Wands    ('/')
  y - a wand of polymorph (0:0)
 Tools    ('(')
  h - an uncursed sack containing 1 item
  X - an uncursed blindfold
  w - an uncursed magic whistle
  e - a +0 pick-axe (alternate weapon; not wielded)
  i - an uncursed tin opener
 Gems/Stones  ('*')
  p - an uncursed aquamarine stone
  R - an uncursed emerald
  g - an uncursed touchstone

Contents of the sack:
  878 gold pieces

GdeVolpiano the Archeologist's attributes:

Background:
 You were a Field Worker, a level 4 male human Archeologist.
 You were neutral, nominally on a mission for Camaxtli
 who was opposed by Quetzalcoatl (lawful) and Huhetotl (chaotic).
 You were right-handed.
 You were in the Gnomish Mines, on level 5.
 You entered the dungeon 3129 turns ago.
 You had 153 experience points, 7 more were needed to attain level 5.

Basics:
 You had 0 out of 29 hit points.
 You had all 19 energy points (spell power).
 Your armor class was 2.
 Your wallet was empty, but
 you had 878 zorkmids stashed away in your pack.
 Autopickup was on for '$?!/="+' plus thrown, with exceptions.

Final Characteristics:
 Your strength was 15 (limit:18/100).
 Your dexterity was 12 (limit:18).
 Your constitution was 16 (limit:18).
 Your intelligence was 12 (limit:18).
 Your wisdom was 15 (limit:18).
 Your charisma was 10 (limit:18).

Final Status:
 You weren't hungry.
 You were unencumbered.
 You were wielding a whip.
 You had basic skill with whip.

Final Attributes:
 You were piously aligned.
 Your items were somewhat protected from fire.
 Your items were somewhat protected from cold.
 You were shock resistant.
 Your items were protected from electric shocks.
 You had automatic searching.
 You were warded.
 You were lucky.
 You are dead.

Miscellaneous:
 You didn't encounter any bones levels.
 Total elapsed playing time was 30 minutes and 14 seconds.

Major events:
 Turn
    1: GdeVolpiano the neutral male human Archeologist entered the dungeon
  883: attained the rank of Field Worker (level 3)
 1703: entered the Gnomish Mines
 3129: killed by a dwarf

Spells:
 Name                 Level Category     Fail Retention
 wizard lock            2   matter       100%  76%-100%

Skills:
 Fighting Skills
   bare handed combat [Unskilled]
   two weapon combat  [Unskilled]
   riding             [Unskilled]
 Weapon Skills
   dagger             [Unskilled]
   knife              [Unskilled]
   pick-axe           [Basic]
   short sword        [Unskilled]
   saber              [Unskilled]
   club               [Unskilled]
   quarterstaff       [Unskilled]
   sling              [Unskilled]
   dart               [Unskilled]
   boomerang          [Unskilled]
   whip               [Basic]
   unicorn horn       [Unskilled]
 Spellcasting Skills
   attack spells      [Unskilled]
   healing spells     [Unskilled]
   divination spells  [Unskilled]
   matter spells      [Unskilled]

Voluntary challenges:
 Character rerolling was not enabled.
 You were an atheist.
 You never genocided any monsters.
 You never polymorphed an object.
 You never changed form.
 You used no wishes.
Achievements:
 You attained the rank of Field Worker.
 You entered a shop.
 You entered the Gnomish Mines.

 The Dungeons of Doom: levels 1 to 4
    Level 1:
       A fountain.
    Level 2:
       A general store, a fountain.
    Level 3:
       Stairs down to The Gnomish Mines.
    Level 4:
 The Gnomish Mines: levels 4 to 5
    Level 4: "rich leprechaun"
    Level 5: <- You were here.
       Final resting place for
          you, killed by a dwarf.


Vanquished creatures:
  a rock piercer
  3 gnome leaders
  3 dwarves
  a kobold leader
  2 orc zombies
  2 iguanas
  2 hobbits
  2 large kobolds
  2 cave spiders
  2 brown molds
 11 gnomes
  4 geckos
  4 jackals
  a fox
  4 goblins
  a sewer rat
  5 lichens
  2 kobold zombies
 11 newts
63 creatures vanquished.

No species were genocided or became extinct.

Game over:
                       ----------
                      /          \
                     /    REST    \
                    /      IN      \
                   /     PEACE      \
                  /                  \
                  |   GdeVolpiano    |
                  |      878 Au      |
                  |   killed by a    |
                  |      dwarf       |
                  |                  |
                  |                  |
                  |       2026       |
                 *|     *  *  *      | *
        _________)/\\_//(\/(/\)/\//\/|_)_______

Goodbye GdeVolpiano the Archeologist...

You died in The Gnomish Mines on dungeon level 5 with 1603 points,
and 878 pieces of gold, after 3129 moves.
You were level 4 with a maximum of 29 hit points when you died.

